 Dungeon Crawl Stone Soup version 0.29-a0-542-g075992c915 (webtiles) character file.

Game seed: 7016965324846171222

303 YayAnonymity the Slasher (level 6, 0/50 HPs)
             Began as a Barachi Fighter on June 4, 2022.
             Slain by an orc
             ... wielding a +0 trident
              (1 damage)
             ... on level 3 of the Dungeon.
             The game lasted 00:05:24 (2809 turns).

YayAnonymity the Slasher (Barachi Fighter)          Turns: 2809, Time: 00:05:24

Health: 0/50       AC: 10    Str: 16    XL:     6   Next: 38%
Magic:  6/6        EV:  7    Int:  8    God:
Gold:   225        SH:  0    Dex: 12    Spells: 5/5 levels left

rFire   . . .      SeeInvis .   a - +7 triple sword of Metonlae {flame, rN++ Str-3}
rCold   . . .      Faith    .   (shield currently unavailable)
rNeg    + + .      Spirit   .   i - +0 chain mail
rPois   .          Reflect  .   (no helmet)
rElec   .          Harm     .   (no cloak)
rCorr   .          Rampage  .   (no gloves)
Will    .....                   p - +0 pair of boots
Stlth   ..........              o - amulet of the acrobat
HPRegen 0.16/turn               (no ring)
MPRegen 0.10/turn               (no ring)

@: mighty, slow
A: amphibious, slowness 1, strong legs 1, +LOS
a: Hop


You were on level 3 of the Dungeon.
You visited 1 branch of the dungeon, and saw 3 of its levels.

You collected 245 gold pieces.
You spent 20 gold pieces at shops.

Inventory:

Hand Weapons
 a - the +7 triple sword of Metonlae (weapon) {flame, rN++ Str-3}
   (You acquired it on level 1 of the Dungeon)

   It burns those it strikes, dealing additional fire damage.
   Big, fiery blades are also staple armaments of hydra-hunters.
   Str:       It affects your strength (-3).
   rN:        It greatly protects you from negative energy.
 b - a +0 short sword
Missiles
 j - 2 poisoned darts
 n - 2 throwing nets
Armour
 c - a +0 buckler
 i - a +0 chain mail (worn)
 p - a +0 pair of boots (worn)
Jewellery
 o - an amulet of the acrobat (around neck)
 q - an amulet of reflection
Wands
 k - a wand of charming (15)
Scrolls
 f - a scroll of teleportation
 m - 2 scrolls of identify
Potions
 d - 2 potions of might
 e - a potion of brilliance {unknown}
 g - a potion of curing {unknown}
 h - a potion of attraction {unknown}


   Skills:
 + Level 4.8 Fighting
 * Level 5.4 Long Blades
 + Level 4.8 Armour
 + Level 2.3 Dodging
 - Level 3.6 Shields


You had 5 spell levels left.
You didn't know any spells.
Your spell library contained the following spells:

 Spells                   Type           Power      Damage    Failure   Level
 Blink                    Tloc           0%         N/A       100%        2
 Lesser Beckoning         Tloc           0%         N/A       100%        3
 Manifold Assault         Tloc           0%         N/A       100%        5


Dungeon Overview and Level Annotations

Branches:
Dungeon (3/15)

Altars:

Shops:
D:1 *[?([


Innate Abilities, Weirdness & Mutations

You are amphibious.
You cover ground slowly.
You can hop short distances.
You have an extended range of vision and can be seen from far away.


Message History

There is an open door here.
Things that are here:
a +0 club; a +0 leather armour The orc completely misses you.
The orc barely misses you.
You slash the orc! You burn the orc.
You kill the orc!
The orc barely misses you. x3; The orc hits you with a +0 flail.
* * * LOW HITPOINT WARNING * * *
You feel much better. The orc hits you but does no damage.
You closely miss the orc. The orc hits you but does no damage.
The orc hits you with a +0 flail. The orc hits you with a +0 war axe.
The orc hits you but does no damage. x2; The orc barely misses you.
You slice the orc!! You burn the orc.
You kill the orc!
The orc hits you but does no damage. The orc hits you with a +0 war axe!
* * * LOW HITPOINT WARNING * * *
You slash the orc! You burn the orc.
You kill the orc!
The orc hits you from afar with a +0 trident.
* * * LOW HITPOINT WARNING * * *
The quokka bites you.
* * * LOW HITPOINT WARNING * * *
The orc barely misses you.
You closely miss the quokka. The quokka bites you.
* * * LOW HITPOINT WARNING * * *
The orc barely misses you.
The quokka bites you but does no damage.
You slice the quokka!! You burn the quokka.
You kill the quokka!
The orc hits you but does no damage. The endoplasm closely misses you.
The orc closely misses you.
You slice the endoplasm!! You burn the endoplasm.
You kill the endoplasm!
The orc hits you from afar with a +0 trident.
* * * LOW HITPOINT WARNING * * *
You slash the orc! You burn the orc.
You kill the orc!
The orc barely misses you.
The orc hits you from afar with a +0 trident.
You die...

##.#.......... #
..)..........
............ ...........
#.......... #.)........
#o)........
#######)############♣#♣#
#.....)@)# #.........
#......†.# #.....♣.♣.
#........# #.........
#........# #.........
#........### #.........
#..........# #.........
#..........# #.........
#..........####.........
#..........'............


You could see an orc.

Vanquished Creatures
  A scorpion (D:3)
  An orc priest (D:3)
  An orc wizard (D:3)
  3 gnolls (D:2)
  6 adders (D:2)
  A dart slug (D:1)
  7 orcs (D:3)
  2 ball pythons
  9 endoplasms
  4 giant cockroaches
  5 goblins
  7 hobgoblins
  21 jackals
  4 kobolds
  5 quokkas
  6 bats
  3 frilled lizards
  8 rats
94 creatures vanquished.

Vanquished Creatures (others)
  2 plants
2 creatures vanquished.

Grand Total: 96 creatures vanquished

Notes
Turn   | Place    | Note
-------+----------+-------------------------------------------
     0 | D:1      | YayAnonymity the Barachi Fighter began the quest for the
                  | Orb.
     0 | D:1      | Reached XP level 1. HP: 18/18 MP: 1/1
    61 | D:1      | Found Foaklag's Assorted Antiques.
    72 | D:1      | Found Fiofui's Antique Armour Emporium.
    83 | D:1      | Reached skill level 3 in Long Blades
    83 | D:1      | Reached XP level 2. HP: 20/24 MP: 2/2
   215 | D:1      | Found Dimpoat's Armour Boutique.
   217 | D:1      | Found Idiwk's Magic Scroll Boutique.
   221 | D:1      | Bought a scroll of identify for 20 gold pieces
   221 | D:1      | Identified a scroll of acquirement
   226 | D:1      | Acquired the +7 triple sword of Metonlae {flame, rN++
                  | Str-3}
   275 | D:1      | Reached XP level 3. HP: 24/30 MP: 3/3
   730 | D:1      | Found Qemuzoaq's Antique Weapon Emporium.
  1245 | D:2      | Reached skill level 4 in Long Blades
  1245 | D:2      | Reached skill level 1 in Dodging
  1245 | D:2      | Reached XP level 4. HP: 37/37 MP: 4/4
  1596 | D:2      | Reached XP level 5. HP: 25/42 MP: 5/5
  2780 | D:3      | Reached skill level 5 in Long Blades
  2780 | D:3      | Reached XP level 6. HP: 42/49 MP: 6/6
  2787 | D:3      | HP: 2/49 [orc/+0 club (4)]
  2808 | D:3      | HP: 1/50 [orc/+0 trident (5)]
  2809 | D:3      | Slain by an orc

Illustrated notes

Levels and vault maps discovered:
D:1:      dpeg_arrival_boxes_within_box, layout_loops_cross, serial_shops,
          nicolae_shop_trees, shop, nicolae_shop_overgrown_old_shop,
          shop_fountains, shop, chequers_garden
D:2:      minmay_alternating_diamond, layout_loops_ring
D:3:      layout_basic, serial_forest, infiniplex_forest_clump_curved,
          infiniplex_forest_lined_2, infiniplex_forest_clump_small,
          infiniplex_forest_lined_2, infiniplex_forest_lined_corner,
          infiniplex_forest_clump_long, infiniplex_forest_straight_2,
          minmay_between

Skill      XL: |  1  2  3  4  5 |
---------------+----------------+-----
Long Blades    | 3 4 5 |  5.4
Dodging        | 1 2 |  2.3
Fighting       | 4 |  4.8
Armour         | 4 |  4.8
Shields        | |  3.6

Action                   |  1- 3 |  4- 6 || total
-------------------------+-------+-------++-------
Melee: Long sword        |    35 |       ||    35
       Triple sword      |    49 |    97 ||   146
  Use: Scroll            |     4 |       ||     4
       Potion            |       |     4 ||     4
Armor: Scale mail        |    56 |       ||    56
       Chain mail        |     1 |    88 ||    89
Dodge: Dodged            |    41 |    64 ||   105
Block: Buckler           |     6 |       ||     6

Table legend: (Time is in decaauts)
 A = Elapsed time spent in this place.
 B = Non-inter-level travel time spent in this place.
 C = Inter-level travel time spent in this place.
 D = Time resting spent in this place.
 E = Time spent auto-exploring this place.
 F = Levels seen in this place.
 G = Mean time per level.
                   A        B        C        D        E       F      G
               +--------+--------+--------+--------+--------+-----+--------+
         Total |   3256 |   3064 |    192 |     40 |   2361 |   3 | 1085.3 |
       Dungeon |   3256 |   3064 |    192 |     40 |   2361 |   3 | 1085.3 |
               +--------+--------+--------+--------+--------+-----+--------+

Top non-repeatable levels by time:
     D:1: 1470 daAuts
     D:2: 1111 daAuts
     D:3: 674 daAuts
